 Dungeon Sprint DCSS version 0.21-a0-405-gf2af9a1 (webtiles) character file.

30933 Kidiri the Warrior (level 13, -12/119 HPs)
             Began as a Demonspawn Gladiator on Nov 1, 2017.
             Was the Champion of Wu Jian.
             Mangled by a deep elf blademaster
             ... wielding a +0 rapier
              (22 damage)
             ... in the Dungeon (Sprint VII: "The Pits").
             The game lasted 00:26:04 (2958 turns).

Kidiri the Warrior (Demonspawn Gladiator)           Turns: 2958, Time: 00:26:05

Health: -12/119    AC: 16    Str: 18    XL:     13   Next: 23%
Magic:  0/13       EV: 28    Int:  8    God:    Wu Jian [******]
Gold:   68         SH:  0    Dex: 25    Spells: 12/12 levels left

rFire    + . .     SeeInvis +   a - +1 long sword (flame)
rCold    + . .     Gourm    .   (no shield)
rNeg     . . .     Faith    .   v - +1 leather armour "Roanuz" {*Slow rC+ Int-5 Dex+7 SInv}
rPois    .         Spirit   +   s - +0 hat {Int+3}
rElec    .         Reflect  .   u - +0 cloak
rCorr    .         Harm     .   (no gloves)
MR       .....     NoTele   +   (no boots)
Stlth    ++........             (no amulet)
HPRegen  0.69/turn              D - +3 ring of protection
MPRegen  0.26/turn              E - +3 ring of protection

@: lethally poisoned (-12 -> -12), exhausted, slowed, glowing, heavenly storm,
very slow
A: antennae 2, molten scales 2, fire resistance 1, regeneration 1, strong 1,
wild magic 1, magic shield, magic regeneration, magic link, flame cloud immunity
a: Serpent's Lash, Heavenly Storm, Renounce Religion


You were in the Dungeon.
You worshipped Wu Jian.
Wu Jian was exalted by your worship.
You were not hungry.

You visited 1 branch You collected 68 gold pieces.

Inventory:

Hand Weapons
 a - a +1 long sword of flaming (weapon)
Missiles
 d - 2 throwing nets (quivered)
 r - 59 stones
Armour
 s - a +0 hat of intelligence (worn)
 u - a +0 cloak (worn)
 v - the +1 leather armour "Roanuz" (worn) {*Slow rC+ Int-5 Dex+7 SInv}
   (You found it in the Dungeon)

   It affects your intelligence (-5).
   It affects your dexterity (+7).
   It protects you from cold.
   It lets you see invisible.
   It may slow you when you take damage.
Jewellery
 D - a +3 ring of protection (left hand)
 E - a +3 ring of protection (right hand)
 J - an uncursed ring of positive energy
Scrolls
 k - 2 scrolls of blinking
 m - 3 scrolls of remove curse
 n - 5 scrolls of amnesia
 o - a scroll of summoning
 L - 4 scrolls of enchant armour
 M - 2 scrolls of fear
 N - a scroll of fog
 O - 2 scrolls of recharging
Potions
 c - 2 potions of invisibility
 e - 8 potions of curing
 g - 2 potions of heal wounds
 h - 3 potions of haste
 i - 4 potions of magic
 j - 3 potions of berserk rage
 F - a potion of resistance
 G - 2 potions of mutation
 H - 2 potions of agility
Comestibles
 f - 12 bread rations
 l - 12 royal jellies
 p - 29 fruits
 q - 11 meat rations


   Skills:
 * Level 16.4 Fighting
 * Level 15.3 Long Blades
 + Level 11.4 Throwing
 + Level 11.2 Armour
 * Level 15.3 Dodging
 + Level 12.1 Stealth


You had 12 spell levels left.
You didn't know any spells.

Dungeon Overview and Level Annotations

Branches:
Dungeon (1/1)

Altars:
Ashenzari
Cheibriados
Dithmenos
Elyvilon
Fedhas
Gozag
Hepliaklqana
Kikubaaqudgha
Makhleb
Nemelex Xobeh
Okawaru
Qazlal
Ru
Sif Muna
Trog
Uskayaw
Vehumet
Wu Jian
Xom
Yredelemnul
Zin
The Shining One
Beogh
Jiyva
Lugonu

Annotations:
D exclusions: 14 doors and 8 more exclusions


Innate Abilities, Weirdness & Mutations

You have a pair of antennae on your head.
You are mostly covered in molten scales. (AC +3)
Your flesh is heat resistant. (rF+)
When hurt, damage is shared between your health and your magic reserves.
You regenerate magic rapidly.
When low on magic, you restore magic in place of health.
You are immune to clouds of flame.
Your natural rate of healing is unusually fast.
Your muscles are strong. (Str +2)
Your spells are a little harder to cast, but a little more powerful.


Message History

Unknown command.
Unknown command.
Unknown command.
You spin and attack the vampire knight.
You strike the helpless vampire knight from behind!
You slash the vampire knight! You burn the vampire knight.
The vampire knight is almost destroyed.
You hear a roar!
The vampire knight struggles against the net.
Unknown command.
You spin and attack the vampire knight.
You slash the vampire knight! You burn the vampire knight.
You destroy the vampire knight!
The Council accepts your kill.
You feel sick.
You hear an angry hiss.
The deep elf blademaster hits you with a rapier!
* * * LOW HITPOINT WARNING * * *
The deep elf blademaster hits you with a rapier!!
You die...

#####++### #......... #.........
{ { { +..#....#. { {{ { { {{{
+......... #.........
#######################..#....#.
#............§§§§§§§§++.........
#............§§@§§§§§++.........
#..#############e##§§##..#....#.
#..# #{#§#h#§§##......... #..# {
{ { {#f#.##§§##......... #..# { {
{ {#{#{#)#..####++####' #..# { {
{#.#{#{##..####++####' #..# #$#
{#.#..##.÷...=##.
#..################..##.#+##.##.
##....................##.#..+.##.


You could see a deep elf blademaster and a warg.

Vanquished Creatures
  A curse toe (D)
  A deep elf blademaster (D)
  2 death cobs (D)
  Gastronok (D)
  A vampire knight (D)
  A deep elf demonologist (D)
  A minotaur (D)
  A rakshasa (D)
  An ice dragon (D)
  A merfolk avatar (D)
  An alligator snapping turtle (D)
  4 hell hogs (D)
  An orc high priest (D)
  An iron troll (D)
  A sea snake (D)
  An unseen horror (D)
  4 harpies (D)
  A wolf spider (D)
  2 cyclopes (D)
  A manticore (D)
  2 elephants (D)
  A black mamba (D)
  An eye of devastation (D)
  A smoke demon (D)
  2 gargoyles (D)
  A freezing wraith (D)
  A jumping spider (D)
  2 polar bears (D)
  A tyrant leech (D)
  A hippogriff (D)
  6 dream sheep (D)
  Sigmund (D)
  A water elemental (D)
  4 redbacks (D)
  A shadow (D)
  2 flying skulls (D)
  2 basilisks (D)
  A tarantella (D)
  2 hungry ghosts (D)
  2 steam dragons (D)
  Menkaure (D)
  A warg (D)
  3 vampire mosquitoes (D)
  An acid dragon (D)
  A swamp drake (D)
  A sky beast (D)
  An orc warrior (D)
  2 ogres (D)
  A big kobold (D)
  A scorpion (D)
  15 wights (D)
  A crimson imp (D)
  A quasit (D)
  2 hounds (D)
  An orc wizard (D)
  Crazy Yiuf (D)
  A hell rat (D)
  A worker ant (D)
  A white imp (D)
  An ooze (D)
  3 leopard geckos (D)
  3 orcs (D)
  A ball python (D)
  A giant cockroach (D)
  5 jackals (D)
  2 quokkas (D)
  A goblin (D)
  2 kobolds (D)
  A leopard gecko zombie (D)
  2 rats (D)
122 creatures vanquished.

Vanquished Creatures (others)
  A bat zombie (D)
1 creature vanquished.

Grand Total: 123 creatures vanquished

Notes
Turn   | Place    | Note
-------+----------+-------------------------------------------
     0 | D        | Kidiri the Demonspawn Gladiator began the quest for the Orb.
     0 | D        | Reached XP level 1. HP: 16/16 MP: 1/1
    32 | D        | Noticed a worker ant
    38 | D        | Killed a worker ant
    38 | D        | Reached skill level 3 in Fighting
    38 | D        | Reached skill level 1 in Armour
    38 | D        | Reached skill level 1 in Stealth
    38 | D        | Gained mutation: You have a pair of small antennae on your head. [demonic ancestry]
    38 | D        | Reached XP level 2. HP: 24/24 MP: 2/2
    83 | D        | Found a bloodstained altar of Trog.
    83 | D        | Found a deep blue altar of Sif Muna.
    83 | D        | Found a viscous altar of Jiyva.
    83 | D        | Found a hazy altar of Hepliaklqana.
    83 | D        | Found an opulent altar of Gozag.
    84 | D        | Found a glowing golden altar of the Shining One.
    84 | D        | Found a glowing silver altar of Zin.
    84 | D        | Found a basalt altar of Yredelemnul.
    84 | D        | Found a shimmering altar of Xom.
    84 | D        | Found an ornate altar of the Wu Jian Council.
    84 | D        | Found a sacrificial altar of Ru.
    84 | D        | Found a stormy altar of Qazlal.
    84 | D        | Found an iron altar of Okawaru.
    84 | D        | Found a sparkling altar of Nemelex Xobeh.
    84 | D        | Found a burning altar of Makhleb.
    84 | D        | Found a blossoming altar of Fedhas.
    84 | D        | Found a white marble altar of Elyvilon.
    84 | D        | Found a shadowy altar of Dithmenos.
    84 | D        | Found a snail-covered altar of Cheibriados.
    87 | D        | Found a corrupted altar of Lugonu.
    87 | D        | Found a radiant altar of Vehumet.
    87 | D        | Found a roughly hewn altar of Beogh.
    88 | D        | Found an ancient bone altar of Kikubaaqudgha.
    88 | D        | Found a hide-covered altar of Uskayaw.
    88 | D        | Found a shattered altar of Ashenzari.
    95 | D        | Became a worshipper of the Wu Jian Council
   125 | D        | Reached * piety under Wu Jian
   127 | D        | Gained mutation: You are partially covered in molten scales. (AC +2) [demonic ancestry]
   127 | D        | Reached XP level 3. HP: 25/29 MP: 3/3
   181 | D        | Reached ** piety under Wu Jian
   246 | D        | Noticed a flying skull
   269 | D        | Killed a flying skull
   269 | D        | Reached *** piety under Wu Jian
   269 | D        | Reached skill level 5 in Fighting
   269 | D        | Reached skill level 5 in Long Blades
   269 | D        | Reached skill level 5 in Dodging
   269 | D        | Gained mutation: When hurt, damage is shared between your health and your magic reserves. [demonic ancestry]
   269 | D        | Reached XP level 4. HP: 7/39 MP: 4/4
   269 | D        | Gained mutation: You regenerate magic rapidly. [demonic ancestry]
   269 | D        | Reached XP level 5. HP: 8/45 MP: 5/5
   618 | D        | Noticed a hungry ghost
   618 | D        | Noticed an ogre
   634 | D        | Reached **** piety under Wu Jian
   651 | D        | Killed a hungry ghost
   651 | D        | Reached skill level 6 in Fighting
   651 | D        | Reached XP level 6. HP: 40/53 MP: 6/6
   660 | D        | Reached skill level 7 in Fighting
   737 | D        | Noticed a warg
   749 | D        | Killed a warg
   749 | D        | Reached skill level 5 in Throwing
   749 | D        | Reached XP level 7. HP: 19/60 MP: 2/7
   951 | D        | Noticed a cyclops
   954 | D        | Killed a cyclops
   954 | D        | Reached skill level 8 in Fighting
   954 | D        | Reached skill level 5 in Armour
   954 | D        | Reached skill level 5 in Stealth
   983 | D        | Noticed Sigmund
   983 | D        | Noticed Crazy Yiuf
   989 | D        | Killed Crazy Yiuf
  1003 | D        | Killed Sigmund
  1003 | D        | Gained mutation: You are mostly covered in molten scales. (AC +3) [demonic ancestry]
  1003 | D        | Reached XP level 8. HP: 36/69 MP: 1/8
  1007 | D        | Reached ***** piety under Wu Jian
  1182 | D        | Reached skill level 9 in Fighting
  1200 | D        | Found the +4 Vampire's Tooth {vamp}
  1245 | D        | Gained mutation: Your muscles are strong. (Str +2) [potion of mutation]
  1245 | D        | Gained mutation: Your spells are a little harder to cast, but a little more powerful. [potion of mutation]
  1245 | D        | Gained mutation: Your natural rate of healing is unusually fast. [potion of mutation]
  1313 | D        | Noticed a gargoyle
  1318 | D        | Killed a gargoyle
  1318 | D        | Reached skill level 10 in Fighting
  1318 | D        | Gained mutation: Your flesh is heat resistant. (rF+) [demonic ancestry]
  1318 | D        | Reached XP level 9. HP: 66/78 MP: 5/9
  1344 | D        | Noticed a polar bear
  1345 | D        | Noticed a merfolk avatar
  1349 | D        | Noticed an elephant
  1352 | D        | Killed a polar bear
  1360 | D        | Killed a merfolk avatar
  1360 | D        | Reached skill level 10 in Long Blades
  1360 | D        | Reached skill level 10 in Dodging
  1364 | D        | Killed an elephant
  1364 | D        | Reached skill level 11 in Fighting
  1565 | D        | Noticed a cyclops
  1567 | D        | Noticed a smoke demon
  1578 | D        | Killed a cyclops
  1578 | D        | Reached XP level 10. HP: 76/88 MP: 7/10
  1592 | D        | Killed a smoke demon
  1713 | D        | Noticed Menkaure
  1715 | D        | Noticed a sea snake
  1716 | D        | Noticed an elephant
  1717 | D        | Killed Menkaure
  1728 | D        | Noticed an unseen horror
  1740 | D        | Killed an elephant
  1743 | D        | Killed an unseen horror
  1743 | D        | Reached skill level 12 in Fighting
  1744 | D        | Killed a sea snake
  1759 | D        | Noticed a gargoyle
  1770 | D        | Killed a gargoyle
  1848 | D        | Noticed an orc high priest
  1848 | D        | Noticed a minotaur
  1848 | D        | Noticed a hell hog
  1848 | D        | Noticed a hell hog
  1848 | D        | Noticed a hell hog
  1848 | D        | Noticed a hell hog
  1850 | D        | Noticed Gastronok
  1851 | D        | Killed a hell hog
  1854 | D        | Killed a hell hog
  1854 | D        | Gained mutation: You are immune to clouds of flame. [demonic ancestry]
  1854 | D        | Reached XP level 11. HP: 73/96 MP: 8/11
  1857 | D        | Killed a hell hog
  1858 | D        | Killed a minotaur
  1858 | D        | Reached skill level 13 in Fighting
  1860 | D        | Killed Gastronok
  1861 | D        | Killed a hell hog
  1862 | D        | Reached ****** piety under Wu Jian
  1865 | D        | Killed an orc high priest
  1865 | D        | Reached skill level 10 in Stealth
  1979 | D        | Noticed a rakshasa
  1996 | D        | Reached skill level 14 in Fighting
  2015 | D        | Killed a rakshasa
  2280 | D        | Gained mutation: You have a pair of antennae on your head. [demonic ancestry]
  2280 | D        | Reached XP level 12. HP: 108/108 MP: 12/12
  2282 | D        | Reached skill level 10 in Throwing
  2321 | D        | Noticed a death cob
  2328 | D        | Reached skill level 10 in Armour
  2332 | D        | Killed a death cob
  2449 | D        | Reached skill level 15 in Fighting
  2679 | D        | Noticed a curse toe
  2679 | D        | Noticed a deep elf blademaster
  2679 | D        | Noticed an ice dragon
  2687 | D        | Killed a deep elf blademaster
  2691 | D        | HP: 4/110 [iron troll (14)]
  2700 | D        | Killed an ice dragon
  2703 | D        | Killed a curse toe
  2703 | D        | Reached skill level 16 in Fighting
  2703 | D        | Gained mutation: When low on magic, you restore magic in place of health. [demonic ancestry]
  2703 | D        | Reached XP level 13. HP: 84/117 MP: 3/13
  2726 | D        | Got the cursed +1 leather armour "Roanuz" {*Slow rC+ Int-5 Dex+7 SInv}
  2923 | D        | Noticed a deep elf demonologist
  2923 | D        | Noticed a death cob
  2924 | D        | Reached skill level 15 in Long Blades
  2924 | D        | Reached skill level 15 in Dodging
  2925 | D        | Noticed a Tzitzimitl
  2932 | D        | Killed a deep elf demonologist
  2939 | D        | HP: 1/117 [alligator snapping turtle (13)]
  2946 | D        | Noticed a deep elf blademaster
  2951 | D        | Noticed a vampire knight
  2951 | D        | Killed a death cob
  2958 | D        | Killed a vampire knight
  2958 | D        | Mangled by a deep elf blademaster

Vault maps used:
D:        pitsprint

Skill      XL: |  1  2  3  4  5  6  7  8  9 10 11 12 13 |
---------------+----------------------------------------+-----
Fighting       | 3 5 6 7 8 10 11 12 14 16 | 16.4
Long Blades    | 3 5 6 7 8 9 10 11 13 14 15 | 15.3
Throwing       | 2 3 4 5 6 7 8 9 11 | 11.4
Armour         | 1 3 4 5 6 7 8 9 10 11 | 11.2
Dodging        | 3 5 6 7 8 9 10 11 13 14 15 | 15.3
Stealth        | 1 3 4 5 6 7 9 10 11 12 | 12.1

Action                   |  1- 3 |  4- 6 |  7- 9 | 10-12 | 13-15 || total
-------------------------+-------+-------+-------+-------+-------++-------
Melee: Long sword        |     5 |    36 |   101 |   251 |    33 ||   426
       Falchion          |    33 |     2 |       |       |       ||    35
Throw: Stone             |     1 |     4 |       |     2 |       ||     7
       Throwing net      |       |       |       |       |     1 ||     1
Invok: Serpent's Lash    |       |       |     3 |     6 |     2 ||    11
       Heavenly Storm    |       |       |     3 |     6 |     1 ||    10
  Use: Potion            |     2 |       |     2 |     7 |     5 ||    16
       Scroll            |       |       |       |       |     1 ||     1
 Stab: Sleeping          |     1 |       |     1 |     4 |     2 ||     8
       Held in net/web   |       |       |       |       |     1 ||     1
  Eat: Chunk             |       |     3 |       |       |       ||     3
       Fruit             |       |       |    11 |       |       ||    11
Armor: Leather armour    |     7 |       |       |       |     5 ||    12
       Scale mail        |       |    14 |    30 |       |       ||    44
       Acid dragon scale |       |       |     4 |   101 |       ||   105
Dodge: Dodged            |    29 |    19 |    48 |   186 |    24 ||   306
       Rpst.: Long sword |     1 |     9 |    11 |    44 |     6 ||    71
       Falchion          |     8 |       |       |       |       ||     8

Table legend:
 A = Spawn XP
 B = Non-spawn XP
 C = Spawn XP percentage of total XP
 D = Spawn monster count
 E = Non-spawn monster count
 F = Spawn count percentage of total count
 G = Total turns spent on level
                    A         B        C        D         E        F      G
               +---------+---------+-------+---------+---------+-------+---------
         Total |       0 |   44190 |   0.0 |       0 |     122 |   0.0 |  2958
               +---------+---------+-------+---------+---------+-------+---------
             D |       0 |   44190 |   0.0 |       0 |     122 |   0.0 |  2958
               +---------+---------+-------+---------+---------+-------+---------
